 Dungeon Crawl Stone Soup version 0.29-a0-721-g7f417c9bbb (webtiles) character file.

Game seed: 81070757890298586

6123 crusatyr the Slicer (level 10, -3/70 HPs)
             Began as a Demonspawn Monk on June 28, 2022.
             Was a Priest of Dithmenos.
             Slain by a two-headed ogre
             ... wielding a +0 giant club
              (17 damage)
             ... on level 9 of the Dungeon.
             The game lasted 00:18:56 (10578 turns).

crusatyr the Slicer (Demonspawn Monk)              Turns: 10578, Time: 00:18:57

Health: -3/70      AC: 17    Str: 13    XL:     10   Next: 59%
Magic:  14/14      EV:  0    Int: 20    God:    Dithmenos [***...]
Gold:   126        SH:  0    Dex: 18    Spells: 9/9 levels left

rFire   + . .      SeeInvis .   s - +8 dagger "Lipifiyth" {drain, rN+}
rCold   + . .      Faith    .   (no shield)
rNeg    + . .      Spirit   .   I - +1 gold dragon scales
rPois   +          Reflect  .   i - +0 helmet
rElec   .          Harm     .   (no cloak)
rCorr   .          Rampage  .   (no gloves)
Will    .....                   (no boots)
Stlth   ..........              (no amulet)
HPRegen 0.21/turn               D - +6 ring of intelligence
MPRegen 0.14/turn               (no ring)

@: wreathed by umbra, studying Armour
A: ignite blood 1, spiny 1, big brain 1, weakness stinger 2
a: Renounce Religion, Shadow Step


You were on level 9 of the Dungeon.
You worshipped Dithmenos.
Dithmenos was most pleased with you.
You visited 1 branch of the dungeon, and saw 9 of its levels.
You also visited: Bailey.

You collected 1544 gold pieces.
You spent 1418 gold pieces at shops.

Inventory:

Hand Weapons
 a - a +0 falchion
 s - the +8 dagger "Lipifiyth" (weapon) {drain, rN+}
   (You took it off an orc on level 3 of the Dungeon)

   A truly terrible weapon, it drains the life of any living foe it strikes.
   rN:        It protects you from negative energy.
 t - the +10 mace of the Feather {pain, rC- rN+++ rCorr Dex-3}
   (You found it on level 4 of the Dungeon)

   In the hands of one skilled in necromantic magic, it inflicts extra damage on
   living creatures.
   Dex:       It affects your dexterity (-3).
   rC:        It makes you vulnerable to cold.
   rN:        It renders you almost immune to negative energy.
   rCorr:     It protects you from acid and corrosion.
Armour
 h - a scarf of shadows
 i - a +0 helmet (worn)
 B - a +2 cloak
 G - the +1 ring mail of Ecuicohu {rN+ Regen+ rCorr}
   (You bought it in a shop on level 8 of the Dungeon)

   rN:        It protects you from negative energy.
   Regen:     It increases your rate of health regeneration.
   rCorr:     It protects you from acid and corrosion.
 I - +1 gold dragon scales (worn)
Jewellery
 D - a +6 ring of intelligence (left hand)
Wands
 g - a wand of flame (59)
 k - a wand of iceblast (1)
 A - a wand of charming (11)
 C - a wand of quicksilver (11)
 H - a wand of digging (7)
Scrolls
 d - 3 scrolls of blinking
 e - 3 scrolls of magic mapping
 l - 4 scrolls of poison
 m - 7 scrolls of teleportation
 o - a scroll of fear {unknown}
 v - 3 scrolls of immolation
 x - 4 scrolls of vulnerability
 y - a scroll of enchant armour {unknown}
 F - a scroll of summoning {unknown}
 J - a scroll of brand weapon {unknown}
 K - 2 scrolls of fog
 L - a scroll of acquirement
 M - a scroll of amnesia
 N - a scroll of torment
Potions
 b - 6 potions of curing
 c - a potion of ambrosia
 f - 3 potions of might
 j - 3 potions of mutation
 n - 2 potions of berserk rage
 p - 4 potions of flight
 q - a potion of attraction {unknown}
 r - a potion of lignification
 u - 4 potions of degeneration
 E - a potion of brilliance


   Skills:
 - Level 3.0 Fighting
 - Level 9.4(10.0) Short Blades
 - Level 4.9(7.7) Long Blades
 + Level 5.8 Armour
 - Level 2.6 Dodging
 + Level 7.9 Stealth
 * Level 6.5 Invocations
 - Level 5.0 Evocations


You had 9 spell levels left.
You didn't know any spells.
Your spell library contained the following spells:

 Spells                   Type           Power      Damage    Failure   Level
 Apportation              Tloc           0%         N/A       100%        1
 Freeze                   Ice            0%         1d3       100%        1
 Frozen Ramparts          Ice            0%         1d2       100%        3
 Hailstorm                Conj/Ice       0%         3d3       100%        4
 Summon Lightning Spire   Summ/Air       0%         N/A       100%        4
 Alistair's Intoxication  Tmut/Pois      0%         N/A       100%        5
 Freezing Cloud           Conj/Ice/Air   0%         6-21      100%        5
 Simulacrum               Ice/Necr       0%         N/A       100%        6
 Storm Form               Tmut/Air       0%         N/A       100%        7
 Maxwell's Capacitive Co  Air            0%         ∞         100%        8
 Polar Vortex             Ice            0%         N/A       100%        9


Dungeon Overview and Level Annotations

Branches:
Dungeon (9/15)             Temple (0/1) D:5          Bailey (visited)
   Lair: D:8-11         Orc: D:9-12

Altars:
Dithmenos
Makhleb
Trog
Uskayaw
Wu Jian
Xom

Shops:
D:2 [   D:5 (   D:8 *

Annotations:
D:5 1 runed translucent door, YayAnonymity's ghost, novice TrGl
D:9 Maurice


Innate Abilities, Weirdness & Mutations

Your demonic aura sometimes causes spilled blood to erupt in flames.
You are partially covered in sharp spines.
You have an unusually large brain. (Int +2)
You have a tail ending in a sharp stinger.


Message History

Your punch misses the bullfrog.
The bullfrog is heavily wounded.
The bullfrog hits you but does no damage.
You completely miss the bullfrog.
The bullfrog is heavily wounded.
The bullfrog hits you.
You barely miss the bullfrog. You tail-slap the bullfrog.
The bullfrog is severely wounded.
You puncture the bullfrog!
You kill the bullfrog!
Dithmenos accepts your kill.
You hit the two-headed ogre. You drain the two-headed ogre.
The two-headed ogre is lightly wounded.
You hit the two-headed ogre.
The two-headed ogre is moderately wounded.
The two-headed ogre hits you with a +0 giant club!
The two-headed ogre hits you with a +0 giant spiked club!
You hit the two-headed ogre. You drain the two-headed ogre.
Your tail-slap misses the two-headed ogre.
The two-headed ogre is moderately wounded.
You hit the two-headed ogre.
The two-headed ogre is moderately wounded.
You hit the two-headed ogre. You drain the two-headed ogre.
The two-headed ogre is heavily wounded.
The two-headed ogre hits you with a +0 giant club!!
* * * LOW HITPOINT WARNING * * *
The two-headed ogre hits you with a +0 giant spiked club.
* * * LOW HITPOINT WARNING * * *
You feel better.
You hit the two-headed ogre. You tail-slap the two-headed ogre.
The two-headed ogre is heavily wounded.
The two-headed ogre hits you with a +0 giant club.
* * * LOW HITPOINT WARNING * * *
The two-headed ogre hits you but does no damage.
You hit the two-headed ogre. You drain the two-headed ogre.
You tail-slap the two-headed ogre.
The two-headed ogre is almost dead.
The two-headed ogre attacks as you move away!
The two-headed ogre hits you with a +0 giant club!
You die...

........# ........# ...O.(..#
###########F......#
#.......>.#.......#
#########.........#.......#
#.................#.......#
#.................#.......#
#..........@O.....†.).....#
######.†......(........#.......#
.......................#.......#
....(.##################.......#
......#......#.................#
......'†.....'........##.......#
......#......#........##.......#
......##.....##.......##.......#
########.....###########...)...#


You could see a two-headed ogre (drained).

Vanquished Creatures
  An orc knight (Bailey)
  Maggie (D:6)
  A hornet (D:9)
  Eustachio (D:6)
  A basilisk (D:6)
  6 yaks
  2 steam dragons
  2 ice beasts (D:8)
  2 black bears
  7 orc warriors
  An ogre (D:5)
  6 kobold brigands (Bailey)
  Blork the orc (D:6)
  A gnoll sergeant (D:3)
  7 bullfrogs
  2 scorpions
  5 wights
  3 howler monkeys
  A crimson imp (D:7)
  6 jellies
  A gnoll shaman (D:8)
  4 orc priests
  7 hounds
  Crazy Yiuf (D:4)
  3 iguanas
  Natasha (twice) (D:3)
  6 orc wizards
  11 gnolls
  7 adders
  4 white imps
  2 worms
  A dart slug (D:2)
  42 orcs
  9 endoplasms
  3 giant cockroaches
  14 goblins
  10 hobgoblins
  4 jackals (D:4)
  6 quokkas
  5 ball pythons
  5 bats
  5 frilled lizards
  18 kobolds
  7 rats
234 creatures vanquished.

Vanquished Creatures (others)
  An orc wizard (D:8)
  A fungus (D:4)
  2 plants (D:1)
4 creatures vanquished.

Grand Total: 238 creatures vanquished

Notes
Turn   | Place    | Note
-------+----------+-------------------------------------------
     0 | D:1      | crusatyr the Demonspawn Monk began the quest for the Orb.
     0 | D:1      | Reached XP level 1. HP: 18/18 MP: 1/1
   617 | D:1      | Gained mutation: You are partially covered in sharp spines.
                  | [demonic ancestry]
   617 | D:1      | Reached XP level 2. HP: 23/24 MP: 2/2
  1391 | D:1      | Found a faded altar of an unknown god.
  1431 | D:2      | Reached XP level 3. HP: 29/29 MP: 3/3
  1592 | D:2      | Found Risyroz's Armour Emporium.
  1664 | D:2      | Bought a +0 helmet for 63 gold pieces
  2258 | D:3      | Gained mutation: You have an unusually large brain. (Int
                  | +2) [demonic ancestry]
  2258 | D:3      | Reached XP level 4. HP: 35/35 MP: 4/4
  2286 | D:3      | Reached skill level 1 in Evocations
  2687 | D:3      | Noticed a gnoll sergeant
  2903 | D:3      | Gained mutation: You have a small tail. [demonic ancestry]
  2903 | D:3      | Reached XP level 5. HP: 35/41 MP: 5/5
  3166 | D:3      | Noticed Natasha
  3172 | D:3      | Killed Natasha
  3251 | D:3      | Noticed Natasha
  3262 | D:3      | Killed Natasha
  3521 | D:3      | Found an ornate altar of the Wu Jian Council.
  3526 | D:3      | Identified the +8 dagger "Lipifiyth" {drain, rN+}
  3791 | D:3      | Reached skill level 1 in Short Blades
  3791 | D:3      | Reached XP level 6. HP: 7/47 MP: 6/6
  4135 | D:4      | Reached skill level 2 in Short Blades
  4736 | D:4      | Identified the +10 mace of the Feather {pain, rC- rN+++
                  | rCorr Dex-3}
  4832 | D:4      | Reached XP level 7. HP: 46/52 MP: 7/7
  4919 | D:4      | Reached skill level 3 in Short Blades
  4919 | D:4      | Reached skill level 5 in Evocations
  5070 | D:4      | Found a runed translucent door.
  5071 | D:4      | Noticed Crazy Yiuf
  5131 | D:4      | Killed Crazy Yiuf
  5361 | D:5      | Entered Level 5 of the Dungeon
  5371 | D:5      | Reached skill level 4 in Short Blades
  5800 | D:5      | Found a runed translucent door.
  5815 | D:5      | Noticed YayAnonymity's ghost (novice TrGl)
  5837 | D:5      | Found a shadowy altar of Dithmenos.
  5921 | D:5      | Became a worshipper of Dithmenos the Shadowed
  5921 | D:5      | Reached * piety under Dithmenos
  5921 | D:5      | Reached ** piety under Dithmenos
  6029 | D:5      | Found Biawigy's Antique Weapon Emporium.
  6092 | D:5      | Found a staircase to the Ecumenical Temple.
  6096 | D:5      | Reached skill level 5 in Short Blades
  6368 | D:6      | Gained mutation: You have a tail ending in a sharp stinger.
                  | [demonic ancestry]
  6368 | D:6      | Reached XP level 8. HP: 57/58 MP: 8/8
  6484 | D:6      | Reached skill level 6 in Short Blades
  6486 | D:6      | Noticed Eustachio
  6503 | D:6      | Killed Eustachio
  6532 | D:6      | Reached skill level 5 in Stealth
  6976 | D:6      | Noticed Maggie
  7324 | D:6      | Killed Maggie
  7325 | D:6      | Reached skill level 7 in Short Blades
  7325 | D:6      | Gained mutation: Your demonic aura sometimes causes spilled
                  | blood to erupt in flames. [demonic ancestry]
  7325 | D:6      | Reached XP level 9. HP: 26/63 MP: 9/9
  7513 | D:6      | Noticed Blork the orc
  7519 | D:6      | Killed Blork the orc
  7831 | D:7      | Found a hide-covered altar of Uskayaw.
  7984 | D:7      | Reached skill level 1 in Armour
  8229 | D:7      | Reached skill level 8 in Short Blades
  8690 | D:7      | Found a burning altar of Makhleb.
  8690 | D:7      | Found a shimmering altar of Xom.
  8736 | D:8      | Found Duheumud's General Store.
  8739 | D:8      | Bought the +1 ring mail of Ecuicohu {rN+ Regen+ rCorr} for
                  | 335 gold pieces
  8784 | D:8      | Found a flagged portal.
  8803 | Bailey   | Entered a bailey
  8827 | Bailey   | Reached *** piety under Dithmenos
  8927 | Bailey   | Noticed an orc knight
  8930 | Bailey   | Reached skill level 1 in Invocations
  8940 | Bailey   | Killed an orc knight
  8943 | Bailey   | Reached XP level 10. HP: 31/70 MP: 9/12
  8991 | Bailey   | Found a bloodstained altar of Trog.
  9138 | D:8      | Reached skill level 9 in Short Blades
  9533 | D:8      | Found a bloodstained altar of Trog.
  9690 | D:8      | Found Bivaz's Magic Scroll Shop.
  9699 | D:8      | Bought a scroll of identify for 24 gold pieces
  9699 | D:8      | Bought a scroll of identify for 24 gold pieces
  9699 | D:8      | Bought a scroll of fog for 24 gold pieces
  9699 | D:8      | Bought a scroll of identify for 24 gold pieces
  9699 | D:8      | Bought a scroll of acquirement for 624 gold pieces
  9699 | D:8      | Bought a scroll of identify for 24 gold pieces
  9699 | D:8      | Bought a scroll of teleportation for 36 gold pieces
  9699 | D:8      | Bought a scroll of identify for 24 gold pieces
  9699 | D:8      | Bought a scroll of immolation for 42 gold pieces
  9699 | D:8      | Bought a scroll of amnesia for 42 gold pieces
  9699 | D:8      | Bought a scroll of poison for 42 gold pieces
  9699 | D:8      | Bought a scroll of torment for 90 gold pieces
  9781 | D:8      | Reached skill level 5 in Armour
 10193 | D:9      | Reached skill level 5 in Invocations
 10217 | D:9      | Noticed Maurice
 10554 | D:9      | Noticed a two-headed ogre
 10578 | D:9      | Slain by a two-headed ogre

Illustrated notes

Levels and vault maps discovered:
D:1:      evilmike_arrival_rings, layout_loops_ring,
          shapermc_ecumenical_altar_pompeii, minmay_strange_pillars,
          serial_bayou_pond_c
D:2:      layout_rooms, serial_shops, nicolae_shop_advertising_works
          [nicolae_subvault_shop_adworks]
D:3:      layout_basic, mainiacjoe_overflow_small_starburst, uniq_natasha
D:4:      layout_loops_corners, nrook_uturn, st_stairs_3, minmay_manual_mess,
          uniq_crazy_yiuf_cottage
D:5:      layout_rooms, grunt_dithmenos_smoke, minmay_temple_entry_proselytizer,
          serial_shops, nicolae_shop_behind_doors, gammafunk_ghost_grave
D:6:      hangedman_cross_stitches, layout_loops_ring, uniq_blork_the_orc,
          uniq_maggie, uniq_eustachio
D:7:      layout_loops_corners, nicolae_uskayaw_dance_hall,
          grunt_temple_overflow_champion_of_chaos
D:8:      layout_basic, mainiacjoe_overflow_alcove_1, serial_shops, shop_coins,
          nicolae_shop_behind_doors, enter_bailey_5
D:9:      layout_gridville, uniq_maurice, uniq_joseph

Skill      XL: |  1  2  3  4  5  6  7  8  9 10 |
---------------+-------------------------------+-----
Long Blades    | 3 4 |  4.9
Evocations     | 2 3 4 5 |  5.0
Short Blades   | 1 2 5 7 8 9 |  9.4
Stealth        | 2 6 7 |  7.9
Armour         | 4 5 |  5.8
Invocations    | 2 6 |  6.5
Fighting       | |  3.0
Dodging        | |  2.6

Action                   |  1- 3 |  4- 6 |  7- 9 | 10-12 || total
-------------------------+-------+-------+-------+-------++-------
Melee: Falchion          |   110 |    52 |       |       ||   162
       Punch             |     3 |       |     1 |     3 ||     7
       Dagger            |       |    66 |   237 |   152 ||   455
       Tailslap          |       |    11 |    40 |    38 ||    89
Invok: Shadow Step       |       |       |       |     1 ||     1
Evoke: Wand              |       |       |     4 |     6 ||    10
  Use: Scroll            |       |       |     2 |    11 ||    13
       Potion            |       |       |       |     4 ||     4
 Stab: Sleeping          |     3 |       |     5 |       ||     8
       Distracted        |       |       |     1 |       ||     1
Armor: Robe              |     9 |       |       |       ||     9
       Chain mail        |    17 |    62 |    54 |       ||   133
       Ring mail         |       |       |    13 |     1 ||    14
       Swamp dragon scal |       |       |    13 |       ||    13
       Gold dragon scale |       |       |       |    95 ||    95
Dodge: Dodged            |    46 |    39 |    57 |    12 ||   154

Table legend: (Time is in decaauts)
 A = Elapsed time spent in this place.
 B = Non-inter-level travel time spent in this place.
 C = Inter-level travel time spent in this place.
 D = Time resting spent in this place.
 E = Time spent auto-exploring this place.
 F = Levels seen in this place.
 G = Mean time per level.
                   A        B        C        D        E       F      G
               +--------+--------+--------+--------+--------+-----+--------+
         Total |  10424 |  10114 |    310 |   2213 |   6074 |  10 | 1042.4 |
       Dungeon |  10147 |   9837 |    310 |   2163 |   6027 |   9 | 1127.4 |
        Bailey |    277 |    277 |      0 |     50 |     47 |   1 |  277.0 |
               +--------+--------+--------+--------+--------+-----+--------+

Top non-repeatable levels by time:
     D:3: 1681 daAuts
     D:1: 1435 daAuts
     D:4: 1273 daAuts
     D:6: 1200 daAuts
     D:5: 1151 daAuts
     D:8: 1109 daAuts
     D:2: 977 daAuts
     D:7: 938 daAuts
     D:9: 380 daAuts
  Bailey: 277 daAuts
